 Dungeon Crawl Stone Soup version 0.31-a0-219-g8d62b2e7bb (webtiles) character file.

Game seed: 471443700600056639

12713 CornPuffBuddha the Earth Mage (level 11, -6/54 HPs)
             Began as a Gargoyle Earth Elementalist on July 2, 2023.
             Was an Elder of Vehumet.
             Killed by divine providence
             ... invoked by an orc priest
              (14 damage)
             ... on level 11 of the Dungeon on July 3, 2023.
             The game lasted 00:44:33 (11121 turns).

CornPuffBuddha the Earth Mage (GrEE)               Turns: 11121, Time: 00:44:35

Health: -6/54      AC: 18    Str: 12    XL:     11   Next: 97%
Magic:  0/25       EV: 15    Int: 29    God:    Vehumet [****..]
Gold:   726        SH:  0    Dex: 10    Spells: 15/31 levels left

rFire   . . .        o - staff of earth
rCold   . . .        (no shield)
rNeg    + . .        r - +2 robe {Will+}
rPois   ∞            e - +2 helmet
rElec   +            u - +0 cloak
rCorr   .            (no gloves)
SInv    .            n - +2 pair of slick slippers {slick, slippery, EV+4}
Will    ++++.        (no amulet)
Stlth   ++           p - ring of Xom's Flight of Fancy {rElec Will+ Int+6}
HPRegen 0.29/turn    K - ring of Uvoc {rPois Will++ Int+3}
MPRegen 0.19/turn

%: no passive effects
@: no status effects
A: sickness immunity, AC +8, negative energy resistance 1, electricity
resistance, torment resistance 1, petrification resistance
a: Renounce Religion


You were on level 11 of the Dungeon.
You worshipped Vehumet.
Vehumet was greatly pleased with you.
You visited 2 branches of the dungeon, and saw 12 of its levels.
You also visited: Ossuary and Bailey.

You collected 1293 gold pieces.
You spent 567 gold pieces at shops.

Inventory:

Hand Weapons
 c - a +0 short sword
Missiles
 L - 2 throwing nets
Armour
 e - a +2 helmet (worn)
 n - the +2 pair of slick slippers (worn) {slick, slippery, EV+4}
   (You acquired it on level 3 of the Dungeon)

   Slick:     Its wearer cannot be constricted, engulfed, netted or webbed.
   Slippery:  Its wearer slips away from damaging melee attacks, pulling the
   attacker onward.
   EV:        It affects your evasion (+4).
 r - a +2 robe of willpower (worn)
 u - a +0 cloak (worn)
Magical Staves
 o - a staff of earth (weapon)
Jewellery
 a - a ring of resist corrosion
 j - a ring of protection from cold
 p - the ring of Xom's Flight of Fancy (left hand) {rElec Will+ Int+6}
   (You acquired it on level 3 of the Dungeon)

   [ring of intelligence]

   Int:       It affects your intelligence (+6).
   rElec:     It insulates you from electricity.
   Will:      It increases your willpower.
 B - an amulet of faith
 K - the ring of Uvoc (right hand) {rPois Will++ Int+3}
   (You bought it in a shop on level 8 of the Dungeon)

   [ring of poison resistance]

   Int:       It affects your intelligence (+3).
   rPois:     It protects you from poison.
   Will:      It greatly increases your willpower.
Wands
 v - a wand of acid (7)
 H - a wand of charming (11)
 J - a wand of flame (6)
Scrolls
 d - 4 scrolls of noise
 f - 8 scrolls of revelation
 g - 3 scrolls of poison
 h - a scroll of vulnerability
 i - a scroll of identify
 k - 4 scrolls of teleportation
 l - 3 scrolls of enchant armour
 t - a scroll of enchant weapon {unknown}
 y - 2 scrolls of fog {unknown}
 C - 4 scrolls of blinking
 E - 2 scrolls of immolation
 I - a scroll of amnesia {unknown}
Potions
 b - a potion of magic
 m - a potion of cancellation
 q - 2 potions of might
 s - 3 potions of lignification
 w - a potion of enlightenment
 x - 2 potions of mutation
 z - a potion of attraction {unknown}
 A - a potion of brilliance {unknown}
 D - 3 potions of curing
 F - 6 potions of haste
 G - a potion of invisibility {unknown}


   Skills:
 - Level 1.5 Dodging
 - Level 2.1 Stealth
 + Level 10.7 Spellcasting
 - Level 9.0 Conjurations
 - Level 0.7 Transmutations
 + Level 15.2 Earth Magic
 - Level 0.6 Evocations


You had 15 spell levels left.
You knew the following spells:

 Your Spells              Type           Power      Damage    Failure   Level
a - Sandblast             Erth           100%       2d20      0%          1
b - Stone Arrow           Conj/Erth      100%       3d13      1%          3
c - Passwall              Tmut/Erth      62%        N/A       1%          2
d - Petrify               Tmut/Erth      75%        N/A       1%          4
e - Poisonous Vapours     Pois/Air       30%        N/A       1%          2
f - Olgreb's Toxic Radia  Pois           15%        N/A       10%         4

Your spell library contained the following spells:

 Spells                   Type           Power      Damage    Failure   Level
 Flame Wave               Conj/Fire      41%        2d11      1%          4
 Sticky Flame             Conj/Fire      41%        2d6       1%          4
 Frozen Ramparts          Ice            30%        1d5       3%          3
 Inner Flame              Hex/Fire       15%        N/A       3%          3
 Tukima's Dance           Hex            15%        N/A       11%         3
 Yara's Violent Unravell  Hex/Tmut       8%         3d5       21%         5
 Ice Form                 Ice/Tmut       17%        N/A       30%         4
 Passage of Golubria      Tloc           15%        N/A       34%         4
 Summon Ice Beast         Ice/Summ       15%        N/A       34%         4


Dungeon Overview and Level Annotations

Branches:
Dungeon (11/15)            Temple (1/1) D:5            Lair (0/5) D:9
    Orc (0/2) D:10        Ossuary (visited)          Bailey (visited)

Altars:
Ashenzari
Cheibriados
Dithmenos
Elyvilon
Fedhas
Gozag
Hepliaklqana
Kikubaaqudgha
Makhleb
Nemelex Xobeh
Okawaru
Qazlal
Ru
Sif Muna
Trog
Uskayaw
Vehumet
Wu Jian
Xom
Yredelemnul
Zin
The Shining One
Jiyva
Lugonu

Shops:
D:8 =

Portals:
Abyss: D:8

Annotations:
D:3 2 transporters, AwFulAwFulPlayer's ghost, amateur DEAr
D:5 2 transporters
D:8 2 runed translucent doors
D:10 3 runed translucent doors, innerfire43's ghost, journeyman DsMo


Innate Abilities, Weirdness & Mutations

You are immune to sickness and miasma.
Your stone body is resilient. (AC +8)
You are immune to poison.
You resist negative energy. (rN+)
You are resistant to electric shocks. (rElec)
You are resistant to unholy torment.
You are immune to petrification.


Message History

The boulder beetle is heavily wounded.
The boulder beetle bites you!
You slip backwards!
The orc priest miscasts a cantrip.
The orc priest hits you but does no damage.
The boulder beetle barely misses you.
You feel a surge of power!
The blast of sand hits the boulder beetle but does no damage.
The boulder beetle is heavily wounded.
The orc priest hits you with a +0 hand axe.
The boulder beetle closely misses you.
You hit the boulder beetle but do no damage.
You hit the boulder beetle.
You shatter the boulder beetle!
The boulder beetle is severely wounded.
The boulder beetle bites you!
The orc priest hits you but does no damage.
Aiming: Corrosive Bolt
Press: ? - help, Q - select action, (/) - cycle Shift-Dir - straight line, f/p - boulder beetle
Aim: a boulder beetle (severely wounded, 100% to hit)
The bolt of acid hits the boulder beetle.
The boulder beetle is severely wounded.
The boulder beetle bites you but does no damage.
The orc priest barely misses you.
Aiming: Corrosive Bolt
Press: ? - help, Q - select action, (/) - cycle Shift-Dir - straight line, p - boulder beetle The bolt of acid hits the boulder beetle but does no damage.
The boulder beetle is severely wounded.
The orc priest hits you but does no damage.
The boulder beetle bites you.
Aiming: Sandblast (safe; 0% risk of failure)
Press: ? - help, Q - select action, (/) - cycle Shift-Dir - straight line, f - boulder beetle
Aim: a boulder beetle (severely wounded, 100% to hit)
You feel a surge of power!
The blast of sand hits the boulder beetle.
The boulder beetle is severely wounded.
The boulder beetle bites you!
* * * LOW HITPOINT WARNING * * *
The orc priest barely misses you. The boulder beetle closely misses you.
The orc priest mumbles some strange prayers to Beogh against you.
Beogh smites you!
You die...

..B...#.. #....#o
#..... #....###
#....).# #....#.#
#....#.#
#..$.#o###############
#....#@#.............#
#....#B#.###########.#
#....#.#.# #.#
#....#.#.# #.#
#........# ######.#
#....#.### #......#
#....#.#.######.######
#....#.#......#.#
......#.#.####.#.#


You could see a boulder beetle and an orc priest.

Vanquished Creatures
  Erolcha (D:9)
  A two-headed ogre (D:5)
  Erica (D:9)
  3 trolls
  2 hornets
  Sigmund (D:3)
  A shadow (D:5)
  18 yaks
  A wraith (Ossuary)
  4 wyverns
  Edmund (D:4)
  Menkaure (D:6)
  A swamp drake (D:10)
  3 black bears
  15 orc warriors
  3 ice beasts
  2 sky beasts
  An ogre (D:6)
  16 centaurs
  2 phantoms
  4 kobold brigands
  6 bullfrogs
  A gnoll sergeant (D:10)
  2 scorpions (D:5)
  4 wights (D:7)
  4 killer bees (D:9)
  A howler monkey (D:7)
  3 hounds
  3 jellies
  3 orc priests
  Crazy Yiuf (D:3)
  2 sleepcaps
  3 iguanas
  11 orc wizards
  3 mummies (Ossuary)
  7 gnolls
  2 adders
  3 shadow imps
  A worm (D:4)
  2 dart slugs (D:1)
  56 orcs
  6 ball pythons
  2 bats (D:3)
  2 endoplasms
  4 giant cockroaches
  A gnoll zombie (Ossuary)
  4 goblins
  15 hobgoblins
  4 jackals (D:1)
  3 quokkas
  7 frilled lizards
  4 goblin zombies (Ossuary)
  4 hobgoblin zombies (Ossuary)
  25 kobolds
  A kobold zombie (Ossuary)
282 creatures vanquished.

Vanquished Creatures (others)
  An orc priest (D:10)
  2 orcs (D:10)
3 creatures vanquished.

Grand Total: 285 creatures vanquished

Notes
Turn   | Place    | Note
-------+----------+-------------------------------------------
     0 | D:1      | CornPuffBuddha the Gargoyle Earth Elementalist began the
                  | quest for the Orb.
     0 | D:1      | Reached XP level 1. HP: 10/10 MP: 3/3
   191 | D:1      | Reached XP level 2. HP: 15/15 MP: 0/5
   198 | D:1      | Reached skill level 4 in Earth Magic
   502 | D:1      | Reached XP level 3. HP: 19/19 MP: 3/6
   990 | D:2      | Learned a level 3 spell: Stone Arrow
   993 | D:2      | Learned a level 2 spell: Passwall
  1064 | D:2      | Found a faded altar of an unknown god.
  1843 | D:3      | Noticed AwFulAwFulPlayer's ghost (amateur DEAr)
  1844 | D:3      | Found a transporter.
  1859 | D:3      | Identified 4 scrolls of acquirement
  1859 | D:3      | Acquired the +2 pair of slick slippers {slick, slippery,
                  | EV+4}
  1859 | D:3      | Found the +2 pair of slick slippers {slick, slippery, EV+4}
  1869 | D:3      | Acquired a staff of earth
  1876 | D:3      | Acquired the ring of Xom's Flight of Fancy {rElec Will+
                  | Int+6}
  1881 | D:3      | Acquired 316 gold pieces
  1907 | D:3      | Identified the +2 flail "Washral" {freeze, Dex+5 Stlth+}
  1997 | D:3      | Reached XP level 4. HP: 24/24 MP: 5/8
  2026 | D:3      | Noticed Sigmund
  2032 | D:3      | Killed Sigmund
  2033 | D:3      | Reached skill level 6 in Earth Magic
  2033 | D:3      | Reached XP level 5. HP: 28/28 MP: 2/11
  2156 | D:3      | Reached XP level 6. HP: 32/32 MP: 9/12
  2218 | D:3      | Found a bloodstained altar of Trog.
  2222 | D:3      | Identified the +0 dagger of Pandemonium {freeze, Str+3}
  2398 | D:3      | Found a runed translucent door.
  2399 | D:3      | Noticed Crazy Yiuf
  2517 | D:3      | Found a transporter.
  2699 | D:3      | Killed Crazy Yiuf
  2903 | D:4      | Found a sand-covered staircase.
  2908 | Ossuary  | Entered an ossuary
  2908 | Ossuary  | Noticed a wraith
  2908 | Ossuary  | Noticed a wraith
  2908 | Ossuary  | Noticed a wraith
  3187 | Ossuary  | Noticed a wraith
  3190 | Ossuary  | Killed a wraith
  3191 | Ossuary  | Reached skill level 5 in Spellcasting
  3191 | Ossuary  | Reached skill level 7 in Earth Magic
  3191 | Ossuary  | Reached XP level 7. HP: 26/36 MP: 10/14
  3547 | D:4      | Noticed Edmund
  3552 | D:4      | Killed Edmund
  3607 | D:4      | Reached skill level 8 in Earth Magic
  3642 | D:4      | Found a shadowy altar of Dithmenos.
  4022 | D:4      | Found an opulent altar of Gozag.
  4023 | D:4      | Found a sparkling altar of Nemelex Xobeh.
  4054 | D:5      | Entered Level 5 of the Dungeon
  4190 | D:5      | Found a staircase to the Ecumenical Temple.
  4197 | Temple   | Entered the Ecumenical Temple
  4417 | Temple   | Became a worshipper of Vehumet
  4466 | D:5      | Noticed a shadow
  4473 | D:5      | Killed a shadow
  4474 | D:5      | Reached XP level 8. HP: 40/41 MP: 10/17
  4547 | D:5      | Noticed a two-headed ogre
  4552 | D:5      | Killed a two-headed ogre
  4553 | D:5      | Reached skill level 9 in Earth Magic
  4557 | D:5      | Reached skill level 10 in Earth Magic
  4636 | D:5      | Reached XP level 9. HP: 36/45 MP: 14/20
  4720 | D:5      | Found a transporter.
  4795 | D:5      | Found a transporter.
  5231 | D:6      | Reached skill level 11 in Earth Magic
  5429 | D:6      | Reached * piety under Vehumet
  5429 | D:6      | Offered knowledge of Kiss of Death by Vehumet.
  5435 | D:6      | Learned a level 4 spell: Petrify
  5568 | D:6      | Noticed Menkaure
  5570 | D:6      | Killed Menkaure
  6559 | D:7      | Reached skill level 12 in Earth Magic
  6613 | D:7      | Identified the +3 scale mail of Circular Logic {Str+2}
  6734 | D:7      | Reached XP level 10. HP: 50/50 MP: 16/23
  6904 | D:7      | Found a white marble altar of Elyvilon.
  6904 | D:7      | Found a glowing golden altar of the Shining One.
  6904 | D:7      | Found a glowing silver altar of Zin.
  7223 | D:8      | Found a large runed translucent door.
  7223 | D:8      | Found a large runed translucent door.
  7226 | D:8      | Noticed a red ugly thing
  7228 | D:8      | Found a corrupted altar of Lugonu.
  7235 | D:8      | Identified the +4 robe of Entitlement {rCorr Int+3}
  7235 | D:8      | Noticed a kobold demonologist
  7241 | D:8      | Reached ** piety under Vehumet
  7241 | D:8      | Offered knowledge of Poisonous Vapours by Vehumet.
  7251 | D:8      | Learned a level 2 spell: Poisonous Vapours
  7361 | D:8      | Found Ahuq's Jewellery Boutique.
  7495 | D:8      | Bought the ring of Uvoc {rPois Will++ Int+3} for 567 gold
                  | pieces
  7634 | D:8      | Found a one-way gate to the infinite horrors of the Abyss.
  7802 | D:8      | Upgraded the game from 0.31-a0-217-g58bb5d79cf to
                  | 0.31-a0-219-g8d62b2e7bb
  8023 | D:9      | Reached skill level 1 in Conjurations
  8069 | D:9      | Reached skill level 13 in Earth Magic
  8150 | D:9      | Noticed Erolcha
  8156 | D:9      | Killed Erolcha
  8169 | D:9      | Offered knowledge of Scorch by Vehumet.
  8220 | D:9      | Found a flagged portal.
  8230 | D:9      | Reached skill level 5 in Conjurations
  8264 | Bailey   | Entered a bailey
  8468 | Bailey   | Reached *** piety under Vehumet
  8469 | Bailey   | Reached skill level 14 in Earth Magic
  8469 | Bailey   | Reached XP level 11. HP: 54/54 MP: 20/24
  8878 | Bailey   | Offered knowledge of Olgreb's Toxic Radiance by Vehumet.
  8884 | Bailey   | Learned a level 4 spell: Olgreb's Toxic Radiance
  9181 | D:9      | Noticed Erica
  9215 | D:9      | Found a staircase to the Lair.
  9223 | D:9      | Reached skill level 10 in Spellcasting
  9293 | D:9      | Killed Erica
  9447 | D:9      | Reached **** piety under Vehumet
  9789 | D:9      | Offered knowledge of Flame Wave by Vehumet.
  9904 | D:10     | Entered Level 10 of the Dungeon
 10208 | D:10     | Found a staircase to the Orcish Mines.
 10422 | D:10     | Identified the +12 war axe of Noron {heavy, rElec Int+3}
 10466 | D:10     | Found a runed translucent gate.
 10469 | D:10     | Found a runed translucent gate.
 10469 | D:10     | Noticed innerfire43's ghost (journeyman DsMo)
 10470 | D:10     | Found a runed translucent gate.
 10470 | D:10     | Noticed a great orb of eyes
 10506 | D:10     | Reached skill level 15 in Earth Magic
 10812 | D:10     | Found a viscous altar of Jiyva.
 11062 | D:11     | Noticed a boulder beetle
 11121 | D:11     | Killed from afar by an orc priest

Illustrated notes

Levels and vault maps discovered:
D:1:      eino_arrival_druids_welcome, layout_basic, dreamdust_wishing_well,
          feat_on_display
D:2:      layout_basic, ebering_ecumenical_altar_petrified, minmay_pentomino_q4
D:3:      layout_loops_ring, lemuel_tele_altar, gammafunk_ghost_arena,
          uniq_sigmund, uniq_crazy_yiuf_cottage
D:4:      layout_loops_ring, grunt_temple_overflow_opulence,
          kennysheep_little_box, enter_ossuary_2, uniq_edmund
D:5:      gammafunk_steamed_eel, layout_basic, minmay_temple_entry_hall
D:6:      layout_cave_pools, grunt_ministairs_6, uniq_menkaure
D:7:      layout_loops_corners, dreamdust_divine_triumvirate, water_boxes_lemuel
D:8:      due_chaos_kobolds, layout_rooms, serial_shops, shop
D:9:      layout_basic, grunt_lair_entry_orc_guard_hut, enter_bailey_4,
          grunt_ministairs_7, uniq_erica, uniq_erolcha
D:10:     layout_roguey, erik_orc_1, gammafunk_ghost_ooze
D:11:     layout_basic, chequers_serial_rivers_marsh
Temple:   regret_index_temple_generic_petals

Skill      XL: |  1  2  3  4  5  6  7  8  9 10 11 |
---------------+----------------------------------+-----
Earth Magic    | 4 6 7 8 10 12 14 15 | 15.2
Spellcasting   | 3 4 5 6 7 9 10 | 10.7
Conjurations   | 5 9 |  9.0
Dodging        | |  1.5
Stealth        | |  2.1
Transmutations | |  0.7
Evocations     | |  0.6

Action                     |  1- 3 |  4- 6 |  7- 9 | 10-12 || total
---------------------------+-------+-------+-------+-------++-------
  Melee: Unarmed           |    19 |       |       |       ||    19
         Dagger            |     1 |       |       |       ||     1
         Staff             |       |     2 |       |    89 ||    91
   Cast: Sandblast         |    51 |    44 |    61 |   250 ||   406
         Stone Arrow       |       |     1 |    33 |    76 ||   110
  Evoke: Wand              |       |       |     1 |     3 ||     4
    Use: Scroll            |     7 |       |     7 |    10 ||    24
         Potion            |       |       |     1 |     6 ||     7
 Armour: Robe              |    14 |     5 |     8 |   152 ||   179
  Dodge: Dodged            |    23 |     7 |    21 |   325 ||   376

Table legend: (Time is in decaauts)
 A = Elapsed time spent in this place.
 B = Non-inter-level travel time spent in this place.
 C = Inter-level travel time spent in this place.
 D = Time resting spent in this place.
 E = Time spent auto-exploring this place.
 F = Levels seen in this place.
 G = Mean time per level.
                   A        B        C        D        E       F      G
               +--------+--------+--------+--------+--------+-----+--------+
         Total |  11340 |  10995 |    345 |   1165 |   7583 |  14 |  810.0 |
       Dungeon |   9769 |   9484 |    285 |   1014 |   6707 |  11 |  888.1 |
        Temple |    263 |    203 |     60 |      0 |    189 |   1 |  263.0 |
       Ossuary |    470 |    470 |      0 |      0 |    371 |   1 |  470.0 |
        Bailey |    836 |    836 |      0 |    151 |    315 |   1 |  836.0 |
               +--------+--------+--------+--------+--------+-----+--------+

Top non-repeatable levels by time:
     D:7: 1377 daAuts
     D:9: 1146 daAuts
     D:1: 1000 daAuts
    D:10: 990 daAuts
     D:8: 952 daAuts
     D:3: 916 daAuts
     D:4: 877 daAuts
     D:2: 847 daAuts
  Bailey: 836 daAuts
     D:5: 801 daAuts
     D:6: 595 daAuts
 Ossuary: 470 daAuts
    D:11: 265 daAuts
  Temple: 263 daAuts
